 Dungeon Crawl Stone Soup version 0.28.0-43-g3370ac3207 (webtiles) character file.

Game seed: 3171668978472542846

37 marklar909 the Skirmisher (level 3, 0/31 HPs)
             Began as a Palentonga Abyssal Knight on Mar 22, 2022.
             Was a Believer of Lugonu.
             Slain by an adder (2 damage)
             ... on level 2 of the Dungeon.
             The game lasted 00:01:14 (1012 turns).

marklar909 the Skirmisher (PaAK)                    Turns: 1012, Time: 00:01:14

Health: 0/31       AC:  6    Str: 18    XL:     3   Next: 23%
Magic:  4/4        EV:  7    Int: 10    God:    Lugonu [**....]
Gold:   18         SH:  0    Dex: 10    Spells: 2/2 levels left

rFire   . . .      SeeInvis +   a - +1 mace
rCold   . . .      Faith    .   (no shield)
rNeg    . . .      Spirit   .   e - +0 scale mail
rPois   .          Reflect  .   (no helmet)
rElec   .          Harm     .   (no cloak)
rCorr   .          Rampage  .   (no gloves)
Will    .....                   (no barding)
Stlth   ..........              (no amulet)
HPRegen 0.10/turn               (no ring)
MPRegen 0.09/turn               (no ring)

@: lethally poisoned (0 -> -1)
A: large, rugged brown scales 3, see invisible, deformed body, roll 1, armoured
tail
a: Rolling Charge, Renounce Religion, Depart the Abyss, Bend Space


You were on level 2 of the Dungeon.
You worshipped Lugonu.
Lugonu was pleased with you.
You visited 1 branch of the dungeon, and saw 2 of its levels.
You visited the Abyss 1 time.

You collected 18 gold pieces.

Inventory:

Hand Weapons
 a - a +1 mace (weapon)
Armour
 e - a +0 scale mail (worn)
Potions
 c - a potion of flight {unknown}


   Skills:
 + Level 3.5 Fighting
 + Level 2.5 Maces & Flails
 + Level 1.8 Armour
 + Level 0.9 Dodging
 + Level 2.3 Invocations


You had 2 spell levels left.
You didn't know any spells.
Your spell library was empty.

Dungeon Overview and Level Annotations

Branches:
Dungeon (2/15)

Altars:


Innate Abilities, Weirdness & Mutations

You are completely covered in rugged brown scales. (AC +3, +7% HP)
You have supernaturally acute eyesight. (SInv)
Armour fits poorly on your strangely shaped body.
You can roll at nearby foes to attack.
You have a long armoured tail.


Message History

The hobgoblin hits you but does no damage.
The adder bites you.
You are poisoned.
The adder poisons you! The frilled lizard closely misses you.
You hit the adder but do no damage.
The adder is almost dead.
You feel sick. The adder bites you.
* * * LOW HITPOINT WARNING * * *
The hobgoblin hits you but does no damage.
The frilled lizard barely misses you. The adder bites you.
* * * LOW HITPOINT WARNING * * *
The hobgoblin barely misses you.
You feel sick. The hobgoblin hits you.
* * * LOW HITPOINT WARNING * * *
* * * LOW HITPOINT WARNING * * *
You feel sick.
It was a potion of curing.
You feel better. The adder closely misses you. The adder bites you.
* * * LOW HITPOINT WARNING * * *
The frilled lizard bites you.
* * * LOW HITPOINT WARNING * * *
The hobgoblin hits you.
* * * LOW HITPOINT WARNING * * *
Okay, then.
You feel better. The adder bites you but does no damage.
You hit the adder but do no damage.
The adder is almost dead.
The adder bites you but does no damage. The adder bites you.
* * * LOW HITPOINT WARNING * * *
You are poisoned.
The adder poisons you!
You closely miss the adder.
The adder is almost dead.
You feel sick. The adder bites you.
* * * LOW HITPOINT WARNING * * *
The adder barely misses you.
You closely miss the adder.
The adder is almost dead.
You feel sick. The adder bites you.
You die...

#.###..?..#.#
#.#.......####
#............ ##
#............ ..
#....<...#
#.#........#
##.........##
##......!#######
#...<.).lS@..?.#
......†.g#####.#
###........
#.#.#.####
#.#.#.# . #.#.#
# ....# . ..#


You could see an adder, a hobgoblin and a frilled lizard.

Vanquished Creatures
  2 dart slugs (D:1)
  An endoplasm (D:1)
  A giant cockroach (D:1)
  2 hobgoblins (D:1)
  4 jackals (D:1)
  2 kobolds (D:1)
  2 quokkas (D:1)
  5 ball pythons
  3 bats (D:1)
  4 goblins
  5 rats (D:1)
31 creatures vanquished.

Notes
Turn   | Place    | Note
-------+----------+-------------------------------------------
     0 | Abyss:1  | marklar909 the Palentonga Abyssal Knight began the quest
                  | for the Orb.
     0 | Abyss:1  | Reached XP level 1. HP: 19/19 MP: 2/2
    32 | D:1      | Escaped the Abyss
   358 | D:1      | Reached XP level 2. HP: 25/25 MP: 3/3
   362 | D:1      | Found a faded altar of an unknown god.
   504 | D:1      | Reached ** piety under Lugonu
   693 | D:1      | Reached XP level 3. HP: 27/31 MP: 4/4
  1007 | D:2      | HP: 1/31 [hobgoblin (3)]
  1012 | D:2      | Slain by an adder

Illustrated notes

Levels and vault maps discovered:
D:1:      minmay_arrival_split_and_join, layout_loops_cross,
          chequers_ecumenical_altar_island
D:2:      layout_loops_ring, serial_shops, shop_fountains

Action                   || total
-------------------------++-------
Melee: Mace              ||    81
       Tailslap          ||     6
  Use: Potion            ||     2
Armor: Leather armour    ||    26
       Scale mail        ||    22
Dodge: Dodged            ||    67
